 Dungeon Crawl Stone Soup version 0.29.1-13-g9f3cf754e1 (webtiles) character file.

Game seed: 12649500784672859990

8862 hbarley the Severer (level 11, -3/97 HPs)
             Began as a Hill Orc Fighter on Feb 2, 2023.
             Was a High Priest of Uskayaw.
             Slain by a 16-headed hydra (4 damage)
             ... on level 9 of the Dungeon.
             The game lasted 00:36:45 (11543 turns).

hbarley the Severer (Hill Orc Fighter)             Turns: 11543, Time: 00:36:45

Health: -3/97      AC: 21    Str: 28    XL:     11   Next: 37%
Magic:  11/11      EV: 12    Int:  8    God:    Uskayaw [*****.]
Gold:   304        SH:  6    Dex: 18    Spells: 10/10 levels left

rFire   . . .      SeeInvis .   O - +2 war axe
rCold   . . .      Faith    .   c - +0 buckler
rNeg    . . .      Spirit   .   l - +3 plate armour {Will+}
rPois   .          Reflect  .   H - +0 helmet
rElec   .          Harm     .   N - +1 cloak of Starlight {*Dazzle EV+4 Stlth--}
rCorr   .          Rampage  .   w - +0 pair of gloves
Will    +....                   (no boots)
Stlth   ..........              z - amulet of magic regeneration
HPRegen 0.26/turn               b - +6 ring of strength
MPRegen 0.52/turn               a - +6 ring of dexterity

@: about to teleport
A: no striking features
a: Renounce Religion, Stomp, Line Pass, Grand Finale


You were on level 9 of the Dungeon.
You worshipped Uskayaw.
Uskayaw was noncommittal.
You visited 2 branches of the dungeon, and saw 11 of its levels.
You also visited: Bailey.

You collected 486 gold pieces.
You spent 182 gold pieces at shops.

Inventory:

Hand Weapons
 K - a +1 war axe of distortion
 O - a +2 war axe (weapon)
Missiles
 m - 39 poisoned darts (quivered)
 L - 3 throwing nets
Armour
 c - a +0 buckler (worn)
 l - a +3 plate armour of willpower (worn)
 w - a +0 pair of gloves (worn)
 H - a +0 helmet (worn)
 N - the +1 cloak of Starlight (worn) {*Dazzle EV+4 Stlth--}
   (You found it on level 8 of the Dungeon)

   It may blind those who miss an attack against the wearer in melee combat.
   EV:        It affects your evasion (+4).
   Stlth:     It makes you much less stealthy.
Jewellery
 a - a +6 ring of dexterity (right hand)
 b - a +6 ring of strength (left hand)
 h - a +4 ring of evasion
 q - a +4 ring of evasion
 z - an amulet of magic regeneration (around neck)
 E - a +6 ring of intelligence
 I - a ring of protection from fire
 M - a ring of protection from cold
 S - the ring of Daunamia {Will+ Int+4}
   (You took it off an efreet on level 9 of the Dungeon)

   [ring of willpower]

   Int:       It affects your intelligence (+4).
   Will:      It increases your willpower.
Wands
 y - a wand of digging (3)
 F - a wand of iceblast (2)
 P - a wand of charming (6)
Scrolls
 e - 5 scrolls of enchant armour
 f - 10 scrolls of identify
 g - 2 scrolls of teleportation
 i - a scroll of poison {unknown}
 j - a scroll of acquirement {unknown}
 n - a scroll of magic mapping {unknown}
 r - a scroll of fear {unknown}
 t - 5 scrolls of blinking
 B - a scroll of silence {unknown}
 C - 3 scrolls of noise {unknown}
 D - a scroll of immolation {unknown}
 G - a scroll of vulnerability {unknown}
Potions
 d - 4 potions of might
 k - 5 potions of haste
 o - a potion of berserk rage {unknown}
 p - a potion of attraction {unknown}
 s - a potion of ambrosia {unknown}
 u - 2 potions of resistance
 v - 3 potions of brilliance {unknown}
 x - a potion of heal wounds
 A - 4 potions of curing {unknown}
 J - 3 potions of mutation {unknown}
 Q - 2 potions of cancellation {unknown}
 R - 2 potions of magic {unknown}
 T - 2 potions of lignification {unknown}
 U - 2 potions of flight {unknown}


   Skills:
 + Level 9.6 Fighting
 + Level 15.1 Axes
 + Level 1.9 Throwing
 + Level 7.9 Armour
 + Level 1.4 Dodging
 + Level 4.9 Stealth
 + Level 6.7 Shields
 + Level 0.3 Evocations


You had 10 spell levels left.
You didn't know any spells.
Your spell library contained the following spells:

 Spells                   Type           Power      Damage    Failure   Level
 Summon Small Mammal      Summ           0%         N/A       99%         1
 Ensorcelled Hibernation  Hex/Ice        0%         N/A       100%        2
 Passwall                 Tmut/Erth      0%         N/A       100%        2
 Call Canine Familiar     Summ           0%         N/A       100%        3
 Conjure Flame            Conj/Fire      0%         6-21      100%        3
 Frozen Ramparts          Ice            0%         1d1       100%        3
 Ignite Poison            Fire/Tmut/Pois 0%         N/A       100%        3
 Summon Guardian Golem    Hex/Summ       0%         N/A       100%        3
 Swiftness                Air            0%         N/A       100%        3
 Ice Form                 Ice/Tmut       0%         N/A       100%        4
 Sticky Flame             Conj/Fire      0%         2d3       100%        4
 Summon Ice Beast         Ice/Summ       0%         N/A       100%        4


Dungeon Overview and Level Annotations

Branches:
Dungeon (10/15)            Temple (1/1) D:6            Lair (0/5) D:9
    Orc (0/2) D:9          Bailey (visited)

Altars:
Ashenzari
Cheibriados
Dithmenos
Elyvilon
Fedhas
Gozag
Hepliaklqana
Kikubaaqudgha
Makhleb
Nemelex Xobeh
Okawaru
Qazlal
Ru
Trog
Uskayaw
Wu Jian
Xom
Yredelemnul
Zin
The Shining One

Shops:
D:7 *   D:9 !

Annotations:
D:3 wand of dig needed


Message History

The 16-headed hydra bites you!
* * * LOW HITPOINT WARNING * * *
The 16-headed hydra bites you.
* * * LOW HITPOINT WARNING * * *
You block the 16-headed hydra's attack. x2; The 16-headed hydra misses you.
The 16-headed hydra bites you but does no damage. x2
The 16-headed hydra bites you.
* * * LOW HITPOINT WARNING * * *
The 16-headed hydra misses you. The 16-headed hydra bites you.
* * * LOW HITPOINT WARNING * * *
The 16-headed hydra closely misses you. The 16-headed hydra barely misses you.
You feel much better. The 16-headed hydra bites you. x2
The 16-headed hydra bites you but does no damage. x2
The 16-headed hydra bites you!
* * * LOW HITPOINT WARNING * * *
You block the 16-headed hydra's attack. The 16-headed hydra barely misses you.
The 16-headed hydra bites you.
* * * LOW HITPOINT WARNING * * *
The 16-headed hydra bites you.
* * * LOW HITPOINT WARNING * * *
The 16-headed hydra bites you!
* * * LOW HITPOINT WARNING * * *
The 16-headed hydra bites you but does no damage.
The 16-headed hydra misses you. The 16-headed hydra barely misses you.
The 16-headed hydra bites you.
* * * LOW HITPOINT WARNING * * *
The 16-headed hydra misses you.
The 16-headed hydra bites you but does no damage.
As you read the scroll of teleportation, it crumbles to dust.
You feel strangely unstable. You block the 16-headed hydra's attack.
The 16-headed hydra closely misses you. The 16-headed hydra barely misses you.
The 16-headed hydra bites you.
* * * LOW HITPOINT WARNING * * *
The 16-headed hydra bites you.
* * * LOW HITPOINT WARNING * * *
The 16-headed hydra bites you but does no damage. x3
You block the 16-headed hydra's attack.
The 16-headed hydra bites you but does no damage.
The 16-headed hydra bites you.
You die...

#.#○...### #.# #....###.
....#° #.. ##.###...
...#°. #..
#.#.....###...○#. #.#
#.#.......#..B#.. ###.. ##
#.#............# ###....
.#
#.#.#.....(...#..###...###
.#
#)#..#.#..D....###...###
.#
###[#.#.#.#@...###...###
.#
#..[#..#.#...###...#####
.# #.#.#.#....###....##
#.. .# #.#.#....###......#
#.# .##
#..[#).###....###.# #.#
#.####.#.[###.....##
#.####.#####
##.....#..)...###.#
#..........<
#.############# #.#
####........ .##
#.#######.#######


You could see a boulder beetle (rolling) and a 16-headed hydra.

Vanquished Creatures
  A boulder beetle (D:9)
  A two-headed ogre (D:9)
  An orc knight (Bailey)
  2 manticores (D:9)
  Joseph (D:7)
  An efreet (D:9)
  3 trolls (D:9)
  Prince Ribbit (D:7)
  Sigmund (D:2)
  A shadow (D:7)
  A wyvern (D:9)
  A yak (D:9)
  A steam dragon (D:9)
  Menkaure (D:5)
  A water moccasin (D:9)
  3 orc warriors
  2 sky beasts
  4 ice beasts
  4 black bears
  2 ogres
  5 centaurs
  3 kobold brigands
  A phantom (D:6)
  A wyvern zombie (D:5)
  2 bullfrogs
  A gnoll sergeant (D:9)
  A scorpion (D:4)
  A water moccasin zombie (D:5)
  A wyvern skeleton (D:5)
  16 wights
  A killer bee (D:9)
  4 howler monkeys
  A bullfrog zombie (D:5)
  A centaur zombie (D:5)
  2 hounds (D:5)
  4 gnoll boudas
  Terence (D:3)
  5 iguanas
  3 orc wizards (D:9)
  Robin (D:2)
  32 gnolls
  11 adders
  3 white imps
  An ufetubus (D:7)
  5 worms
  5 dart slugs
  40 orcs
  9 endoplasms
  4 giant cockroaches
  20 goblins
  11 hobgoblins
  4 jackals
  7 kobolds
  4 quokkas
  4 ball pythons
  8 bats
  6 frilled lizards
  3 rats
265 creatures vanquished.

Vanquished Creatures (others)
  2 fungi (D:7)
  9 plants (D:7)
11 creatures vanquished.

Grand Total: 276 creatures vanquished

Notes
Turn   | Place    | Note
-------+----------+-------------------------------------------
     0 | D:1      | hbarley the Hill Orc Fighter began the quest for the Orb.
     0 | D:1      | Reached XP level 1. HP: 19/19 MP: 1/1
   406 | D:1      | Found a faded altar of an unknown god.
   478 | D:1      | Reached XP level 2. HP: 27/27 MP: 2/2
  1155 | D:2      | Reached skill level 3 in Axes
  1156 | D:2      | Reached XP level 3. HP: 32/33 MP: 3/3
  1194 | D:2      | Noticed Terence
  1194 | D:2      | Identified the +2 helmet of Rialored {rF+}
  1194 | D:2      | Noticed Robin
  1224 | D:3      | Killed Terence
  1225 | D:3      | Reached skill level 4 in Axes
  1225 | D:3      | Reached XP level 4. HP: 15/41 MP: 4/4
  1441 | D:2      | Killed Robin
  2116 | D:3      | Reached XP level 5. HP: 47/47 MP: 5/5
  2544 | D:3      | Reached skill level 5 in Axes
  2552 | D:3      | Reached XP level 6. HP: 39/55 MP: 6/6
  2644 | D:3      | Reached skill level 5 in Fighting
  2656 | D:3      | Reached skill level 6 in Axes
  2963 | D:4      | Noticed a black bear
  2974 | D:4      | Killed a black bear
  2975 | D:4      | Reached XP level 7. HP: 60/61 MP: 7/7
  3296 | D:4      | Reached skill level 7 in Axes
  3454 | D:4      | Found a sparkling altar of Nemelex Xobeh.
  3464 | D:4      | Found a white marble altar of Elyvilon.
  3892 | D:3      | Identified the +7 quarterstaff "Nihol" {flame, Str+2}
  3940 | D:2      | Noticed Sigmund
  4343 | D:2      | Killed Sigmund
  4344 | D:2      | Reached skill level 8 in Axes
  4344 | D:2      | Reached skill level 5 in Armour
  4460 | D:2      | Reached XP level 8. HP: 70/70 MP: 8/8
  4751 | D:5      | Entered Level 5 of the Dungeon
  4761 | D:5      | Reached skill level 9 in Axes
  5315 | D:5      | Reached skill level 10 in Axes
  5504 | D:5      | Reached skill level 1 in Dodging
  5842 | D:5      | Noticed Menkaure
  5851 | D:5      | Killed Menkaure
  6035 | D:5      | Reached XP level 9. HP: 76/78 MP: 9/9
  6145 | D:6      | Reached skill level 11 in Axes
  6159 | D:6      | Reached skill level 5 in Shields
  6302 | D:6      | Found a staircase to the Ecumenical Temple.
  6358 | D:6      | Found a bloodstained altar of Trog.
  6750 | Temple   | Entered the Ecumenical Temple
  6800 | Temple   | Became a worshipper of Uskayaw the Reveller
  6874 | D:6      | Reached * piety under Uskayaw
  6957 | D:6      | Reached ** piety under Uskayaw
  7025 | D:7      | Reached *** piety under Uskayaw
  7027 | D:7      | Reached **** piety under Uskayaw
  7264 | D:7      | Noticed Prince Ribbit
  7269 | D:7      | Reached skill level 12 in Axes
  7269 | D:7      | Reached skill level 1 in Stealth
  7270 | D:7      | Reached ***** piety under Uskayaw
  7303 | D:7      | Killed Prince Ribbit
  7532 | D:7      | Found an opulent altar of Gozag.
  7705 | D:7      | Noticed Joseph
  7723 | D:7      | Killed Joseph
  7724 | D:7      | Reached XP level 10. HP: 85/88 MP: 10/10
  7767 | D:7      | Found Mubo's Assorted Antiques.
  7779 | D:7      | Bought a runed war axe for 182 gold pieces
  7900 | D:7      | Reached skill level 1 in Throwing
  7905 | D:7      | Reached skill level 13 in Axes
  7915 | D:7      | Reached ****** piety under Uskayaw
  8545 | D:8      | Found the +1 cloak of Starlight {*Dazzle EV+4 Stlth--}
  8777 | D:8      | Found a broken altar of Ashenzari.
  8903 | D:8      | Found a snail-covered altar of Cheibriados.
  9362 | D:9      | Found a shadowy altar of Dithmenos.
  9362 | D:9      | Found an ancient bone altar of Kikubaaqudgha.
  9784 | D:9      | Reached skill level 14 in Axes
  9787 | D:9      | Noticed a boulder beetle
  9805 | D:9      | Noticed a manticore
  9825 | D:9      | Killed a manticore
  9835 | D:9      | Killed a boulder beetle
  9836 | D:9      | Reached XP level 11. HP: 36/97 MP: 11/11
  9889 | D:9      | Noticed a four-headed hydra
 10090 | D:9      | Noticed a manticore
 10095 | D:9      | Killed a manticore
 10097 | D:9      | Identified the +8 glaive "Weyx" {protect, rElec rC+}
 10097 | D:9      | Identified the ring of Daunamia {Will+ Int+4}
 10139 | D:10     | Entered Level 10 of the Dungeon
 10401 | D:10     | Found a flagged portal.
 10417 | Bailey   | Entered a bailey
 10620 | Bailey   | Noticed an orc knight
 10636 | Bailey   | Killed an orc knight
 11115 | D:9      | Reached skill level 15 in Axes
 11120 | D:9      | Found a staircase to the Orcish Mines.
 11145 | D:9      | Found Qasick's Distillery.
 11195 | D:9      | Noticed a two-headed ogre
 11207 | D:9      | Killed a two-headed ogre
 11318 | D:9      | Found a staircase to the Lair.
 11519 | D:9      | Noticed a boulder beetle
 11543 | D:9      | HP: 1/97 [16-headed hydra (4)]
 11543 | D:9      | Slain by a 16-headed hydra

Illustrated notes

Levels and vault maps discovered:
D:1:      minmay_arrival_glassed_features, layout_basic,
          shapermc_ecumenical_altar_acropolis
D:2:      layout_basic, minmay_surrounded, uniq_terence, uniq_robin,
          uniq_sigmund
D:3:      minmay_inner_zag, layout_basic, due_unseen_surprise
D:4:      layout_loops_cross, general_overflow_altar,
          nicolae_overflow_crystal_walls, minmay_misc_feat_ornament
D:5:      layout_cave_pods, serial_undead, serial_undead_b, serial_undead_e,
          serial_undead_e, serial_undead_e, grunt_decor_clamped, uniq_menkaure
D:6:      black_bear_nest_2, layout_rooms, lemuel_round_altar,
          minmay_temple_entry_ruins, grunt_ministairs_8
D:7:      kennysheep_seaside_town, layout_cave_pools,
          mainiacjoe_overflow_six_doors_small, serial_shops,
          nicolae_lakefront_shop, serial_co_window_serial, co_window_paths_b,
          co_window_paths_a, co_window_corner_a, co_window_corner_a,
          co_window_of_opportunity_a, co_window_paths_c,
          co_window_unsneaky_path_d, co_window_unsneaky_path_a,
          co_window_broadway_a, co_window_of_opportunity_c, co_window_paths_d,
          glass_columns_c, glass_columns_b, glass_columns_b,
          uniq_prince_ribbit1, uniq_joseph
D:8:      layout_loops_ring, mainiacjoe_overflow_catwalk,
          mainiacjoe_overflow_concentric_impassable
D:9:      minmay_the_grid_triangle_9x9_rhombus_thin_mashed
          [minmay_the_grid_triangle_9x9_zippers_horizontal,
          minmay_the_grid_triangle_9x9_prize_center,
          minmay_the_grid_triangle_9x9_limited_checkers,
          minmay_the_grid_triangle_9x9_pentomino_pain], layout_loops_ring,
          jmf_multi_god_temple, orc_0_dummy, serial_shops, nicolae_shop_crystal
D:10:     layout_long_grid, overflow_temple_1_default, enter_bailey_4
Temple:   nicolae_temple_bog_church

Skill      XL: |  1  2  3  4  5  6  7  8  9 10 11 |
---------------+----------------------------------+-----
Fighting       | 4 5 6 8 9 |  9.6
Axes           | 3 4 5 6 8 10 12 14 15 | 15.1
Armour         | 4 5 6 7 |  7.9
Shields        | 4 5 6 |  6.7
Dodging        | 1 |  1.4
Stealth        | 3 4 |  4.9
Throwing       | 1 |  1.9
Evocations     | |  0.3

Action                   |  1- 3 |  4- 6 |  7- 9 | 10-12 || total
-------------------------+-------+-------+-------+-------++-------
Melee: War axe           |    69 |   147 |   414 |   344 ||   974
Throw: Dart              |       |       |    11 |    13 ||    24
Evoke: Wand              |       |       |     3 |     2 ||     5
  Use: Scroll            |       |     3 |     2 |     1 ||     6
       Potion            |       |       |     2 |     6 ||     8
 Stab: Paralysed         |       |       |    15 |    17 ||    32
       Invisible         |       |       |       |     5 ||     5
Armor: Scale mail        |    20 |       |       |       ||    20
       Plate armour      |    23 |    81 |   174 |   181 ||   459
Dodge: Dodged            |    45 |    97 |   233 |   226 ||   601
Block: Buckler           |    22 |    44 |   102 |   124 ||   292
